 Dungeon Crawl Stone Soup version 0.31-a0-771-g505c3d19dc (webtiles) character file.

Game seed: 2429101854793933461

1197 randomguy2701 the Shield-Bearer (level 8, 0/62 (67) HPs)
             Began as a Gnoll Fighter on Sept 16, 2023.
             Was a Priest of Makhleb.
             Slain by a wight
             ... wielding a +3 halberd
              (4 damage)
             ... on level 6 of the Dungeon.
             The game lasted 00:04:42 (4986 turns).

randomguy2701 the Shield-Bearer (Gnoll Fighter)     Turns: 4986, Time: 00:04:43

HP:   0/62 (67)     AC:  9    Str: 18    XL:     8   Next: 44%
MP:   12/13         EV: 10    Int:  7    God:    Makhleb [***...]
Gold: 493           SH: 10    Dex: 12    Spells: 13/13 levels left

rFire   . . .        a - +0 war axe
rCold   . . .        c - +0 buckler
rNeg    . . .        b - +0 scale mail
rPois   .            (no helmet)
rElec   .            s - +0 cloak
rCorr   .            (no gloves)
SInv    .            (no boots)
Will    .....        p - amulet of reflection
Stlth   +            (no ring)
HPRegen 0.30/turn    (no ring)
MPRegen 0.13/turn

%: reflection
@: drained
A: fangs 1, strong nose, distributed training
a: Renounce Religion, Minor Destruction, Lesser Servant of Makhleb


You were on level 6 of the Dungeon.
You worshipped Makhleb.
Makhleb was most pleased with you.
You visited 1 branch of the dungeon, and saw 6 of its levels.
You also visited: Sewer.

You collected 493 gold pieces.

Inventory:

Hand Weapons
 a - a +0 war axe (weapon)
Armour
 b - a +0 scale mail (worn)
 c - a +0 buckler (worn)
 s - a +0 cloak (worn)
Jewellery
 p - an amulet of reflection (around neck)
 x - a ring of positive energy
Scrolls
 e - 6 scrolls of identify {unknown}
 f - 2 scrolls of poison {unknown}
 g - a scroll of vulnerability {unknown}
 h - 2 scrolls of enchant weapon {unknown}
 i - 3 scrolls of fog {unknown}
 k - 3 scrolls of fear {unknown}
 m - 2 scrolls of revelation {unknown}
 r - 4 scrolls of enchant armour {unknown}
 t - a scroll of brand weapon {unknown}
Potions
 d - a potion of might
 j - 2 potions of lignification {unknown}
 l - a potion of curing {unknown}
 n - 2 potions of haste
 o - 4 potions of mutation {unknown}
 q - a potion of brilliance {unknown}
 u - 2 potions of heal wounds {unknown}
 v - a potion of enlightenment {unknown}
 w - a potion of degeneration {unknown}


   Skills:
 + Level 7.4 Fighting
 + Level 3.3 Short Blades
 + Level 3.3 Long Blades
 + Level 5.7 Axes
 + Level 3.3 Maces & Flails
 + Level 3.3 Polearms
 + Level 3.3 Staves
 + Level 3.3 Ranged Weapons
 + Level 3.3 Throwing
 + Level 7.4 Armour
 + Level 3.3 Dodging
 + Level 3.3 Stealth
 + Level 7.4 Shields
 + Level 3.3 Unarmed Combat
 + Level 3.3 Spellcasting
 + Level 2.7 Conjurations
 + Level 2.7 Hexes
 + Level 2.7 Summonings
 + Level 2.7 Necromancy
 + Level 2.7 Translocations
 + Level 2.7 Transmutations
 + Level 2.7 Fire Magic
 + Level 2.7 Ice Magic
 + Level 2.7 Air Magic
 + Level 2.7 Earth Magic
 + Level 2.7 Poison Magic
 + Level 3.6 Invocations
 + Level 3.3 Evocations
 + Level 3.0 Shapeshifting


You had 13 spell levels left.
You didn't know any spells.
Your spell library contained the following spells:

 Spells                   Type           Power      Damage    Failure   Level
 Magic Dart               Conj           16%        1d3       36%         1
 Call Imp                 Summ           8%         N/A       50%         2
 Lesser Beckoning         Tloc           8%         N/A       50%         2
 Sublimation of Blood     Necr           4%         N/A       50%         2
 Gell's Gravitas          Tloc           4%         N/A       75%         3
 Mephitic Cloud           Conj/Pois/Air  4%         N/A       75%         3
 Summon Guardian Golem    Hex/Summ       4%         N/A       75%         3
 Teleport Other           Tloc           4%         N/A       75%         3
 Petrify                  Tmut/Erth      4%         N/A       98%         4
 Irradiate                Conj/Tmut      2%         3d12      100%        5
 Orb of Destruction       Conj           2%         9d5       100%        7
 Spellforged Servitor     Conj/Summ      2%         N/A       100%        7


Dungeon Overview and Level Annotations

Branches:
Dungeon (6/15)              Sewer (visited)
 Temple: D:4-7

Altars:
Dithmenos
Makhleb
Okawaru
Ru
Wu Jian

Shops:
D:4 *


Innate Abilities, Weirdness & Mutations

You have very sharp teeth.
Your uncanny sense of smell can sniff out nearby items.
Your experience applies equally to all skills.


Message History

You slash the wight!
The wight is severely damaged.
The wight closely misses you.
You hit the wight but do no damage. You bite the wight, but do no damage.
The wight is severely damaged.
The wight barely misses you. The wight closely misses you.
Unknown command.
You closely miss the wight. You bite the wight, but do no damage.
The wight is severely damaged.
The wight completely misses you.
You hit the wight but do no damage.
The wight is severely damaged.
The wight hits you but does no damage.
Unknown command.
Unknown command.
You barely miss the wight.
The wight is severely damaged.
The wight hits you with a +0 trident.
The wight hits you from afar with a +3 halberd!
You feel drained.
Unknown command.
You hit the wight.
You destroy the wight!
Makhleb accepts your kill.
You feel better.
The wight hits you from afar with a +3 halberd.
Your life force feels restored.
Unknown command.
You are too injured to fight recklessly!
Unknown command.
You block the wight's attack.
You barely miss the wight. You bite the wight, but do no damage.
The wight hits you with a +3 halberd!
* * * LOW HITPOINT WARNING * * *
You feel drained.
* * * LOW HITPOINT WARNING * * *
The wight hits you with a +3 halberd!
* * * LOW HITPOINT WARNING * * *
You feel drained.
You die...

#.# #.# #.# #.#
#.# #.# #####
#.# #.#....##.##
###
#....z@...#.....
#.8..#))....#
#... #....#.#
#.## ##...... #
##.##.... #.#
#### #+#


You could see a wight.

Vanquished Creatures
  2 water moccasins
  A black bear (D:5)
  An ogre (D:5)
  A centaur (D:5)
  2 phantoms
  A scorpion (D:5)
  2 wights (D:6)
  3 hounds
  4 jellies
  3 sleepcaps
  An iguana (D:4)
  An adder (D:3)
  A white imp (D:5)
  A worm (D:3)
  3 dart slugs
  10 orcs
  8 ball pythons
  6 bats
  6 endoplasms
  3 giant cockroaches
  10 hobgoblins
  2 quokkas
  5 frilled lizards
  2 goblins
  6 kobolds
  8 rats
93 creatures vanquished.

Notes
Turn   | Place    | Note
-------+----------+-------------------------------------------
     0 | D:1      | randomguy2701 the Gnoll Fighter began the quest for the
                  | Orb.
     0 | D:1      | Reached XP level 1. HP: 23/23 MP: 1/1
   203 | D:1      | Found a faded altar of an unknown god.
   213 | D:1      | Reached XP level 2. HP: 29/29 MP: 2/2
   216 | D:1      | Prayed at the altar of an unknown god.
   216 | D:1      | Became a worshipper of Makhleb the Destroyer
   216 | D:1      | Reached * piety under Makhleb
   637 | D:1      | Reached XP level 3. HP: 34/35 MP: 3/3
  1158 | D:2      | Reached skill level 1 in Invocations
  1254 | D:2      | Reached ** piety under Makhleb
  1594 | D:3      | Reached skill level 1 in Short Blades
  1594 | D:3      | Reached skill level 1 in Long Blades
  1594 | D:3      | Reached skill level 1 in Maces & Flails
  1594 | D:3      | Reached skill level 1 in Polearms
  1594 | D:3      | Reached skill level 1 in Staves
  1594 | D:3      | Reached skill level 1 in Ranged Weapons
  1594 | D:3      | Reached skill level 1 in Throwing
  1594 | D:3      | Reached skill level 1 in Dodging
  1594 | D:3      | Reached skill level 1 in Stealth
  1594 | D:3      | Reached skill level 1 in Unarmed Combat
  1594 | D:3      | Reached skill level 1 in Spellcasting
  1594 | D:3      | Reached skill level 1 in Evocations
  1810 | D:3      | Reached skill level 1 in Shapeshifting
  1810 | D:3      | Reached XP level 4. HP: 40/41 MP: 5/5
  2186 | D:4      | Reached skill level 1 in Conjurations
  2186 | D:4      | Reached skill level 1 in Hexes
  2186 | D:4      | Reached skill level 1 in Summonings
  2186 | D:4      | Reached skill level 1 in Necromancy
  2186 | D:4      | Reached skill level 1 in Translocations
  2186 | D:4      | Reached skill level 1 in Transmutations
  2186 | D:4      | Reached skill level 1 in Fire Magic
  2186 | D:4      | Reached skill level 1 in Ice Magic
  2186 | D:4      | Reached skill level 1 in Air Magic
  2186 | D:4      | Reached skill level 1 in Earth Magic
  2186 | D:4      | Reached skill level 1 in Poison Magic
  2228 | D:4      | Noticed a phantom
  2234 | D:4      | Killed a phantom
  2235 | D:4      | Reached XP level 5. HP: 45/47 MP: 5/7
  2287 | D:4      | Found Runaiqerch's Elemental Accessories.
  2839 | D:5      | Entered Level 5 of the Dungeon
  2901 | D:5      | Found a sacrificial altar of Ru.
  2917 | D:5      | Reached XP level 6. HP: 53/53 MP: 8/8
  3287 | D:5      | Reached skill level 5 in Axes
  3427 | D:5      | Reached XP level 7. HP: 51/59 MP: 10/10
  4359 | D:6      | Found a glowing drain.
  4366 | D:6      | Reached *** piety under Makhleb
  4387 | Sewer    | Entered a sewer
  4429 | Sewer    | Reached XP level 8. HP: 22/67 MP: 12/12
  4941 | D:6      | Found an iron altar of Okawaru.
  4941 | D:6      | Found an ornate altar of the Wu Jian Council.
  4941 | D:6      | Found a shadowy altar of Dithmenos.
  4986 | D:6      | Slain by a wight

Illustrated notes

Levels and vault maps discovered:
D:1:      dpeg_arrival_long_road, layout_loops_corners,
          ebering_ecumenical_altar_ruins
D:2:      layout_loops_ring
D:3:      layout_loops_ring, minmay_misc_feat_nine_boxes
D:4:      layout_loops_ring, nicolae_elemental_shop, minmay_misc_feat_x,
          hangedman_decor_push, nicolae_concentric_dashed_squares_wild,
          minmay_misc_feat_diagonals, abandoned_shop, mrwooster_statue_mirror
D:5:      minmay_skewed_foursquare, layout_rooms,
          mainiacjoe_overflow_six_doors_small, serial_co_window_serial,
          co_window_paths_a, co_window_paths_b, co_window_paths_a,
          co_window_paths_a, co_window_corner_a, co_window_paths_a,
          co_window_corner_a, co_window_corner_a, co_window_corner_a,
          co_window_broadway_c, co_window_corner_cb, co_window_unsneaky_path_c,
          co_window_broadway_b, glass_columns_a, glass_columns_a,
          amcnicky_mini_pool_small
D:6:      layout_loops_corners, nicolae_overflow_hidden_temple,
          gammafunk_temple_overflow_forgotten, minmay_temple_entry_butterflies,
          portal_sewer_entry_b, nicolae_twisty_statue_hallways, uniq_sigmund

Skill      XL: |  1  2  3  4  5  6  7  8 |
---------------+-------------------------+-----
Invocations    | 1 2 3 |  3.6
Short Blades   | 1 2 3 |  3.3
Long Blades    | 1 2 3 |  3.3
Maces & Flails | 1 2 3 |  3.3
Polearms       | 1 2 3 |  3.3
Staves         | 1 2 3 |  3.3
Ranged Weapons | 1 2 3 |  3.3
Throwing       | 1 2 3 |  3.3
Dodging        | 1 2 3 |  3.3
Stealth        | 1 2 3 |  3.3
Unarmed Combat | 1 2 3 |  3.3
Spellcasting   | 1 2 3 |  3.3
Evocations     | 1 2 3 |  3.3
Shapeshifting  | 1 2 3 |  3.0
Conjurations   | 1 2 |  2.7
Hexes          | 1 2 |  2.7
Summonings     | 1 2 |  2.7
Necromancy     | 1 2 |  2.7
Translocations | 1 2 |  2.7
Transmutations | 1 2 |  2.7
Fire Magic     | 1 2 |  2.7
Ice Magic      | 1 2 |  2.7
Air Magic      | 1 2 |  2.7
Earth Magic    | 1 2 |  2.7
Poison Magic   | 1 2 |  2.7
Axes           | 5 |  5.7
Fighting       | 7 |  7.4
Armour         | 7 |  7.4
Shields        | 7 |  7.4

Action                     |  1- 3 |  4- 6 |  7- 9 || total
---------------------------+-------+-------+-------++-------
  Melee: War axe           |   107 |    95 |    98 ||   300
         Bite              |     4 |    15 |    13 ||    32
 Invoke: Minor Destruction |       |       |     1 ||     1
 Armour: Scale mail        |    49 |    51 |    63 ||   163
  Dodge: Dodged            |    39 |    33 |    52 ||   124
  Block: Buckler           |    39 |    48 |    61 ||   148
         Reflection        |       |     5 |     1 ||     6

Table legend: (Time is in decaauts)
 A = Elapsed time spent in this place.
 B = Non-inter-level travel time spent in this place.
 C = Inter-level travel time spent in this place.
 D = Time resting spent in this place.
 E = Time spent auto-exploring this place.
 F = Levels seen in this place.
 G = Mean time per level.
                   A        B        C        D        E       F      G
               +--------+--------+--------+--------+--------+-----+--------+
         Total |   5072 |   4969 |    103 |      0 |   4235 |   7 |  724.6 |
       Dungeon |   4780 |   4677 |    103 |      0 |   3998 |   6 |  796.7 |
         Sewer |    292 |    292 |      0 |      0 |    237 |   1 |  292.0 |
               +--------+--------+--------+--------+--------+-----+--------+

Top non-repeatable levels by time:
     D:5: 1538 daAuts
     D:1: 971 daAuts
     D:4: 756 daAuts
     D:3: 608 daAuts
     D:2: 548 daAuts
     D:6: 357 daAuts
   Sewer: 292 daAuts
